Map: [ESL] Alcyone

Players

trigger

  • Race: Protoss Protoss
  • Spawn Location: 1:00

Spirit - Winner!

  • Race: Terran Terran
  • Spawn Location: 7:00

Event: IEM Katowice 2024

VOD

Have the link to the VOD?

Description

Time

  • Played on: Feb. 9, 2024, 8:01 a.m.
  • Length: 10:14

All games in this series

Show
View Real Time Build Order
Export as new Build Order

trigger Protoss 

Build Orders: 1 Gate Expand, Blink Stalkers 

Get SALT Encoding   

  12  0:00  Probe  
  13  0:12  Probe  
  14  0:17  Pylon  
  14  0:24  Probe (Chrono Boost)  
  16  0:36  Probe (Chrono Boost)  
  16  0:38  Gateway  
  16  0:43  Probe (Chrono Boost)  
  16  0:46  Assimilator  
  17  0:50  Probe  
  18  1:03  Probe  
  19  1:15  Probe  
  20  1:26  Cybernetics Core  
  20  1:32  Nexus  
  20  1:39  Pylon  
  20  1:42  Probe  
  21  1:50  Assimilator  
  21  1:55  Probe  
  21  1:59  Adept (Chrono Boost)  
  22  2:02  Warp Gate  
  22  2:07  Probe  
  25  2:19  Probe (Chrono Boost)  
  25  2:22  Stalker  
  28  2:31  Probe (Chrono Boost)  
  28  2:33  Twilight Council  
  29  2:38  Probe (Chrono Boost)  
  30  2:48  Probe (Chrono Boost)  
  30  2:49  Probe (Chrono Boost)  
  32  2:54  Gateway  
  32  2:58  Probe (Chrono Boost)  
  34  3:00  Probe (Chrono Boost)  
  34  3:03  Probe (Chrono Boost)  
  34  3:05  Robotics Facility  
  35  3:11  Probe  
  36  3:14  Blink (Chrono Boost)  
  36  3:15  Probe  
  35  3:23  Probe  
  36  3:27  Probe  
  36  3:32  Gateway  
  36  3:33  Gateway  
  37  3:35  Probe  
  37  3:40  Probe, Pylon  
  40  3:51  Stalker x2  
  40  3:55  Warp Prism (Chrono Boost)  
  44  4:00  Probe  
  46  4:05  Probe, Pylon  
  46  4:13  Probe  
  44  4:24  Probe (Chrono Boost)  
  40  4:26  Stalker  
  43  4:33  Probe (Chrono Boost)  
  43  4:36  Probe (Chrono Boost)  
  44  4:43  Stalker x3  
  44  4:45  Probe x2 (Chrono Boost)  
  51  4:51  Stalker  
  54  4:54  Probe  
  54  4:57  Probe  
  56  5:00  Pylon  
  56  5:14  Probe  
  56  5:19  Stalker x3  
  64  5:21  Probe  
  64  5:24  Assimilator  
  64  5:26  Probe  
  65  5:31  Pylon  
  65  5:33  Probe, Pylon  
  60  5:50  Nexus  
  60  5:51  Probe  
  60  5:53  Probe  
  60  5:56  Dark Shrine  
  62  6:03  Probe  
  63  6:07  Probe  
  63  6:11  Pylon  
  64  6:12  Gateway, Charge  
  64  6:14  Gateway  
  64  6:15  Probe  
  65  6:19  Probe  
  66  6:27  Gateway, Probe  
  66  6:29  Shield Battery  
  66  6:30  Pylon  
  67  6:34  Probe (Chrono Boost)  
  67  6:38  Zealot x3  
  67  6:39  Zealot  
  76  6:46  Probe (Chrono Boost)  
  76  6:51  Probe (Chrono Boost)  
  76  6:55  Probe (Chrono Boost)  
  76  6:59  Probe (Chrono Boost)  
  78  7:05  Pylon  
  78  7:06  Robotics Bay  
  78  7:09  Dark Templar  
  78  7:10  Dark Templar x2  
  84  7:16  Probe  
  84  7:18  Pylon  
  84  7:21  Probe  
  86  7:25  Probe  
  86  7:26  Zealot  
  86  7:27  Immortal (Chrono Boost)  
  91  7:30  Probe  
  91  7:33  Probe  
  93  7:37  Zealot x3, Probe  
  93  7:39  Pylon  
  93  7:42  Probe  
  99  7:46  Sentry  
  99  7:47  Zealot x3  
  99  7:50  Assimilator, Pylon  
  107  8:02  Colossus (Chrono Boost)  
  113  8:06  Probe  
  113  8:12  Zealot x6  
  124  8:21  Zealot  
  126  8:33  Stalker x4  
  130  8:35  Pylon  
  130  8:37  Forge  
  130  8:39  Pylon  
  124  8:46  Colossus (Chrono Boost)  
  130  8:55  Zealot x3  
  132  8:58  Nexus  
  132  9:01  Pylon x2  
  132  9:02  Sentry  
  132  9:11  Zealot x3  
  132  9:12  Probe  
  130  9:21  Dark Templar x2, Zealot  
  122  9:30  Probe  
  93  9:31  Zealot x3  
  80  9:44  Zealot  
  68  9:47  Probe x3  
  68  9:53  Zealot x2  
  68  9:59  Probe x3  
  71  10:07  Pylon x2  
Show
View Real Time Build Order
Export as new Build Order

Spirit Terran - Winner!

Build Orders:  

Get SALT Encoding   

  12  0:00  SCV  
  13  0:12  SCV  
  14  0:16  Supply Depot  
  14  0:24  SCV  
  15  0:38  SCV  
  15  0:40  Barracks  
  16  0:43  Refinery  
  16  0:50  SCV  
  17  1:02  SCV  
  18  1:14  SCV  
  19  1:27  Orbital Command, Marine  
  20  1:45  Barracks Reactor  
  20  1:47  Command Center  
  20  1:54  SCV  
  21  1:58  Supply Depot  
  21  2:06  Factory  
  21  2:09  SCV  
  22  2:21  SCV  
  22  2:22  Marine x2  
  25  2:27  Bunker  
  25  2:34  SCV  
  26  2:39  Marine x2  
  28  2:50  Hellion  
  30  2:53  Starport  
  30  2:54  SCV  
  31  2:59  Orbital Command  
  32  3:06  SCV  
  32  3:12  Hellion  
  34  3:17  Barracks  
  34  3:18  SCV  
  35  3:25  SCV  
  36  3:29  Medivac  
  36  3:30  SCV  
  36  3:33  Hellion, Supply Depot  
  41  3:37  SCV  
  44  3:42  Refinery  
  44  3:43  SCV  
  44  3:45  Barracks  
  43  3:49  Marine x2, SCV  
  43  3:55  SCV  
  47  3:56  Supply Depot  
  47  4:01  SCV  
  48  4:07  Marine, SCV  
  50  4:13  SCV  
  50  4:15  Marine  
  51  4:19  SCV  
  48  4:25  SCV, Marine  
  48  4:26  Barracks Tech Lab  
  48  4:31  SCV  
  48  4:33  Barracks Tech Lab, Marine, Engineering Bay  
  48  4:37  SCV  
  50  4:42  Marine  
  50  4:43  SCV  
  50  4:45  Stimpack, Marauder  
  54  4:49  SCV  
  54  4:50  Marine  
  56  4:53  Combat Shield  
  56  4:54  Marauder  
  56  4:55  SCV, Refinery  
  56  4:57  Supply Depot  
  59  5:00  Marine  
  59  5:02  Bunker, SCV  
  59  5:06  Refinery  
  61  5:07  SCV  
  61  5:08  Marauder  
  61  5:09  Marine  
  61  5:18  Marauder  
  61  5:19  SCV  
  62  5:23  Bunker  
  62  5:25  SCV  
  62  5:30  Marine x2, Marauder  
  62  5:31  SCV  
  65  5:39  Marauder  
  65  5:44  Medivac  
  65  5:45  SCV  
  65  5:48  Marine x2  
  70  5:55  Supply Depot, SCV  
  70  6:00  SCV  
  70  6:01  Marine  
  69  6:05  Terran Infantry Weapons Level 1, Marauder  
  70  6:11  Marine x2  
  70  6:12  SCV  
  70  6:14  Concussive Shells  
  70  6:16  Medivac  
  76  6:19  Marine  
  76  6:23  Supply Depot  
  78  6:27  Marauder  
  78  6:29  Command Center, Marine  
  78  6:30  SCV x2  
  81  6:42  SCV x2  
  81  6:44  Marine, Supply Depot  
  81  6:46  Starport Reactor  
  84  6:54  SCV  
  84  6:55  SCV, Marauder  
  84  6:56  Supply Depot, Marine  
  84  6:57  Marine  
  89  7:03  Marine  
  89  7:06  Supply Depot  
  89  7:07  SCV  
  91  7:12  Factory  
  91  7:14  Marine  
  92  7:17  SCV, Marauder  
  92  7:21  Marine  
  96  7:24  Missile Turret  
  96  7:28  Marauder  
  96  7:30  Medivac x2  
  96  7:31  Marine  
  98  7:38  Missile Turret, Marauder  
  98  7:41  Marine  
  102  7:47  Missile Turret  
  102  7:49  SCV  
  100  7:51  Marine  
  100  7:55  SCV  
  102  8:01  SCV  
  102  8:04  Medivac  
  105  8:17  Marauder, Marine  
  108  8:20  Medivac  
  108  8:21  Orbital Command, Marine  
  108  8:22  Marauder  
  108  8:26  SCV  
  107  8:34  SCV  
  107  8:35  Marine  
  107  8:39  Marine, Marauder  
  107  8:41  Barracks, SCV  
  112  8:45  Orbital Command  
  112  8:46  SCV  
  113  8:49  Marauder  
  113  8:52  Marine  
  113  8:53  Supply Depot, SCV  
  117  8:59  Barracks  
  117  9:02  Barracks  
  117  9:09  Marine  
  117  9:11  SCV  
  117  9:12  SCV  
  117  9:13  Marine  
  111  9:20  Marauder, Marine  
  111  9:23  SCV  
  106  9:24  SCV  
  106  9:25  SCV  
  106  9:27  Marine  
  102  9:32  Marauder  
  102  9:35  SCV  
  102  9:36  SCV  
  102  9:37  SCV  
  102  9:38  Marine  
  104  9:41  Medivac, Marine  
  104  9:44  Marine  
  108  9:46  Factory Reactor  
  108  9:47  SCV  
  108  9:48  SCV  
  110  9:53  SCV  
  110  9:55  Marine  
  110  9:59  SCV  
  116  10:00  SCV  

Tags
 
Add a new tag
Caveats
  • Supply blocks, unpowered buildings, or Contaminate may cause inaccurate times.
  • Supply counts are checked every 10 seconds.